 Dungeon Crawl Stone Soup version 0.19.4-12-gccf7e64 (webtiles) character file.

116 muscothym the Shield-Bearer (level 5, -1/42 HPs)
             Began as a Formicid Fighter on Feb 26, 2017.
             Slain by a hobgoblin (5 damage)
             ... led by Robin
             ... on level 3 of the Dungeon.
             The game lasted 00:19:10 (2314 turns).

muscothym the Shield-Bearer (Formicid Fighter)      Turns: 2314, Time: 00:19:12

Health: -1/42      AC:  9    Str: 27    XL:     5   Next: 21%
Magic:  5/5        EV:  7    Int:  7    God:
Gold:   97         SH: 10    Dex: 12    Spells: 0 memorised, 4 levels left

rFire  . . .     SeeInvis +     a - +0 war axe
rCold  . . .     Gourm    .     q - +0 chain mail
rNeg   . . .     Faith    .     c - +0 shield
rPois  .         Spirit   .     (helmet unavailable)
rElec  .         Reflect  .     (no cloak)
rCorr  .         Harm     .     (no gloves)
MR     .....                    (no boots)
Stlth  ..........               (no amulet)
                                (no ring)
                                p - +2 ring of dexterity

@: mighty
A: permanent stasis, dig shafts and tunnels, four strong arms, antennae 3
a: Dig, Shaft Self


You were on level 3 of the Dungeon.
You were hungry.

You visited 1 branch of the dungeon, and saw 3 of its levels.

You collected 97 gold pieces.

Inventory:

Hand Weapons
 a - a +0 war axe (weapon)
 f - a +0 dagger
 l - a +0 club
 m - a +0 club
 o - a +0 falchion
 s - a +0 short sword
 A - a +0 shortbow
Missiles
 i - 69 arrows
 j - 26 bolts
Armour
 b - a +0 scale mail
 c - a +0 shield (worn)
 g - a cursed +0 robe
 h - a cursed +0 ring mail
 k - a +2 pair of boots
 q - a +0 chain mail (worn)
 v - a +0 chain mail
 y - a +0 ring mail
Jewellery
 p - a +2 ring of dexterity (left hand)
Wands
 x - a wand of polymorph (9/24)
Scrolls
 n - a scroll of magic mapping
 t - 2 scrolls of blinking {unknown}
 u - a scroll of fog {unknown}
 w - a scroll of identify
Potions
 e - a potion of curing
Comestibles
 r - a meat ration
 z - 3 fruits


   Skills:
 + Level 3.7 Fighting
 + Level 3.3 Axes
 + Level 4.0 Armour
 + Level 1.0 Dodging
 + Level 0.3 Stealth
 + Level 4.4 Shields


You had 4 spell levels left.
You didn't know any spells.

Dungeon Overview and Level Annotations

Branches:
Dungeon (3/15)

Altars:
Elyvilon

Annotations:
D:3 Robin


Innate Abilities, Weirdness & Mutations

You are under a permanent stasis effect.
You can dig through walls and to a lower floor.
Your four strong arms can wield two-handed weapons with a shield.
You have a pair of large antennae on your head. (SInv)


Message History

Robin hits you but does no damage. You block the hobgoblin's attack.
The goblin hits you.
* * * LOW HITPOINT WARNING * * *
You hit the goblin.
You kill the goblin!
Your shield and chain mail prevent you from hitting the quokka.
You barely miss the hobgoblin. You slash the goblin!
You kill the goblin!
The quokka twitches its whiskers.
The quokka bites you but does no damage.
Robin hits you but does no damage. The hobgoblin hits you.
* * * LOW HITPOINT WARNING * * *
You block the quokka's attack.
You barely miss the hobgoblin.
The hobgoblin is heavily wounded.
You slash the quokka!
You kill the quokka!
You block Robin's attack. The hobgoblin barely misses you.
Robin barely misses you. The hobgoblin hits you.
You die...

#..................#
#........#.........#
#####....#.#########
##........#
#.........#
#.........#
#......>...
##)))......
#)@)......
#.†g)...##.
......g...#
...............
.......#.......
....... .......
....... .......
....... .......


You could see Robin and a hobgoblin.

Vanquished Creatures
  Terence (D:2)
  3 adders
  An ooze (D:1)
  2 worms (D:2)
  3 leopard geckos
  An orc (D:2)
  4 giant cockroaches (D:2)
  11 goblins
  6 hobgoblins
  6 kobolds
  A quokka (D:3)
  5 bats (D:1)
  3 frilled lizards
  2 rats (D:3)
49 creatures vanquished.

Notes
Turn   | Place    | Note
-------+----------+-------------------------------------------
     0 | D:1      | muscothym the Formicid Fighter began the quest for the Orb.
     0 | D:1      | Reached XP level 1. HP: 18/18 MP: 1/1
   321 | D:1      | Reached XP level 2. HP: 21/24 MP: 2/2
  1017 | D:1      | Reached XP level 3. HP: 26/29 MP: 3/3
  1082 | D:2      | Noticed Terence
  1095 | D:2      | Killed Terence
  1095 | D:2      | Reached XP level 4. HP: 12/35 MP: 4/4
  1370 | D:2      | Reached skill level 1 in Dodging
  2143 | D:3      | Found a white marble altar of Elyvilon.
  2151 | D:3      | Reached XP level 5. HP: 41/41 MP: 5/5
  2301 | D:3      | Noticed Robin
  2314 | D:3      | Slain by a hobgoblin

Skill      XL: |  1  2  3  4  5 |
---------------+----------------+-----
Shields        | 4 |  4.4
Axes           | 3 |  3.3
Dodging        | 1 |  1.0
Armour         | 4 |  4.0
Fighting       | |  3.7
Stealth        | |  0.3

Action                   |  1- 3 |  4- 6 || total
-------------------------+-------+-------++-------
Melee: War axe           |    77 |    83 ||   160
 Abil: Dig               |       |     1 ||     1
  Use: Scroll            |     1 |     2 ||     3
       Potion            |       |     2 ||     2
  Eat: Bread ration      |     1 |     1 ||     2
Armor: Scale mail        |    54 |       ||    54
       Chain mail        |    16 |    53 ||    69
Dodge: Dodged            |    41 |    38 ||    79
Block: Shield            |    67 |    66 ||   133
